 Dungeon Crawl Stone Soup version 0.20-a0-766-g52e1353 (webtiles) character file.

16359 AlphabetPasta the Carver (level 12, -7/123 HPs)
             Began as a Halfling Berserker on Feb 25, 2017.
             Was a High Priest of Trog.
             Mangled by a chaos spawn (8 damage)
             ... on level 3 of the Abyss on Feb 26, 2017.
             The game lasted 01:17:33 (12236 turns).

AlphabetPasta the Carver (Halfling Berserker)      Turns: 12236, Time: 01:17:34

Health: -7/123     AC: 16    Str: 24    XL:     12   Next: 69%
Magic:  15/15      EV: 17    Int:  5    God:    Trog [*****.]
Gold:   469        SH:  0    Dex: 18    Spells: 11/11 levels left

rFire    . . .     SeeInvis .   a - +0 scimitar
rCold    . . .     Gourm    .   W - +0 chain mail
rNeg     . . .     Faith    .   (shield restricted)
rPois    +         Spirit   .   (no helmet)
rElec    .         Reflect  .   O - +1 cloak
rCorr    .         Harm     .   g - +0 pair of gloves
MR       .....                  K - +0 pair of boots
Stlth    ..........             q - amulet of regeneration
Regen    0.7/turn               F - ring of poison resistance
MPRegen  0.2/turn               l - +2 ring of slaying

@: berserking, very quick
A: mutation resistance 1
a: Berserk, Trog's Hand, Brothers in Arms, Burn Spellbooks, Renounce Religion


You were on level 3 of the Abyss.
You worshipped Trog.
Trog was extremely pleased with you.
You were very hungry.

You visited 1 branch of the dungeon, and saw 11 of its levels.
You visited the Abyss 1 time.
You also visited: Ossuary.

You collected 1301 gold pieces.
You spent 832 gold pieces at shops.

Inventory:

Hand Weapons
 a - a +0 scimitar (weapon)
 b - a +3 fustibalus of flaming
 k - a +1 hunting sling
Missiles
 n - 238 stones
 w - 9 tomahawks (quivered)
 G - 77 sling bullets
Armour
 g - a +0 pair of gloves (worn)
 K - a +0 pair of boots (worn)
 O - a +1 cloak (worn)
 S - a +0 plate armour
 W - a +0 chain mail (worn)
 X - a +0 buckler
Magical Staves
 d - an uncursed staff of air {unknown}
Jewellery
 l - a +2 ring of slaying (left hand)
 p - an uncursed ring of stealth
 q - an amulet of regeneration (around neck)
 y - a +2 ring of protection
 B - an uncursed ring of protection from magic
 F - a ring of poison resistance (right hand)
 L - an uncursed ring of ice
Wands
 u - a wand of iceblast (0/15)
 H - a wand of confusion (17/48)
 M - a wand of iceblast (4/15)
 Q - a wand of digging (11/24)
 T - a wand of lightning (8/15)
 U - a wand of random effects (45/48)
 V - a wand of polymorph (15/24)
Scrolls
 i - 9 scrolls of remove curse
 m - 6 scrolls of magic mapping
 t - 4 scrolls of enchant weapon
 x - a scroll of teleportation
 P - 2 scrolls of enchant armour
 R - a scroll of identify
Potions
 e - a potion of cancellation
 f - a potion of resistance
 o - 6 potions of curing
 r - 2 potions of might
 z - 2 potions of berserk rage
 D - a potion of flight
 E - 4 potions of brilliance
 N - a potion of agility
Comestibles
 c - 11 bread rations
 I - a fruit
 J - 2 meat rations


   Skills:
 + Level 7.9 Fighting
 * Level 11.3 Long Blades
 + Level 10.8 Slings
 + Level 8.8 Armour
 + Level 8.9 Dodging
 + Level 2.1 Shields
 + Level 5.2 Evocations


You had 11 spell levels left.
You didn't know any spells.

Dungeon Overview and Level Annotations

Branches:
Dungeon (11/15)            Temple (0/1) D:7            Lair (0/6) D:11
    Orc: D:9-12

Altars:
Ashenzari
Dithmenos
Fedhas
Gozag
Nemelex Xobeh
Trog
Uskayaw
Wu Jian
Yredelemnul
Zin
The Shining One

Shops:
D:4 (?=}

Annotations:
D:8 binmo's ghost, novice OgBe


Innate Abilities, Weirdness & Mutations

You are small and have problems with some larger weapons.
You are somewhat resistant to further mutation.


Message History

You closely miss the fire bat. The fire bat closely misses you.
The fire bat bites you but does no damage. x2
The chaos spawn gores you!
* * * LOW HITPOINT WARNING * * *
The chaos spawn freezes you!
* * * LOW HITPOINT WARNING * * *
The chaos spawn barely misses you.
You slash the chaos spawn!
The chaos spawn is heavily wounded.
The fire bat completely misses you.
The fire bat bites you but does no damage. x2
The fire bat closely misses you.
Your chain mail prevents you from hitting the chaos spawn.
The chaos spawn is heavily wounded.
The fire bat barely misses you.
You riposte.
You completely miss the fire bat.
The chaos spawn gores you but does no damage.
The chaos spawn gores you.
* * * LOW HITPOINT WARNING * * *
The chaos spawn shocks you!
You die...

#+#
##..#
+#4b.+
#.@4.#
+.bb++
##+#+


You could see 2 chaos spawn and 3 fire bats.

Vanquished Creatures
  A starcursed mass (Abyss:3)
  2 two-headed ogres
  2 centaur warriors (D:8)
  A skeletal warrior (D:8)
  2 unseen horrors
  An ugly thing (D:11)
  A worldbinder (Abyss:3)
  A cyclops (D:10)
  Maurice (D:8)
  A komodo dragon (D:11)
  2 trolls
  Prince Ribbit (D:7)
  A slime creature (D:6)
  A hippogriff (D:7)
  A spriggan (D:7)
  A wyvern (D:10)
  A fire bat (Abyss:3)
  3 wraiths
  2 fire elementals (D:11)
  2 hungry ghosts
  Eustachio (D:6)
  A steam dragon (D:8)
  Menkaure (D:7)
  Duvessa (D:7)
  A water moccasin (D:11)
  An ice beast (D:8)
  An eye of draining (Abyss:3)
  3 sky beasts
  A necrophage (D:5)
  3 black bears
  5 orc warriors
  A phantom (D:4)
  4 ogres
  3 centaurs
  2 big kobolds (D:10)
  2 small abominations (Abyss:3)
  10 bullfrogs
  A wyvern zombie (D:9)
  Dowan (D:7)
  7 scorpions
  2 howler monkeys (D:8)
  5 crimson imps
  3 bullfrog zombies
  2 quasits
  2 centaur skeletons
  7 hounds
  5 bullfrog skeletons
  11 jellies
  5 orc priests
  12 orc wizards
  4 iguanas
  7 worker ants
  A killer bee zombie (D:5)
  A hound zombie (D:8)
  A hound skeleton (D:10)
  3 mummies (Ossuary)
  4 gnolls (D:6)
  5 adders
  4 shadow imps
  12 oozes
  2 adder skeletons
  4 adder zombies (Ossuary)
  3 worms
  2 dart slugs
  4 leopard geckos
  38 orcs
  8 bats
  7 giant cockroaches
  5 goblins
  5 hobgoblins
  20 jackals
  2 quokkas
  A ball python (D:1)
  2 frilled lizards
  5 goblin zombies
  8 hobgoblin zombies
  A jackal skeleton (D:5)
  14 kobolds
  2 kobold skeletons (D:7)
  A kobold zombie (D:7)
  2 leopard gecko skeletons
  A leopard gecko zombie (D:8)
  A quokka skeleton (D:6)
  4 quokka zombies (Ossuary)
  6 rats
  3 rat zombies (Ossuary)
  A bush (D:8)
326 creatures vanquished.

Vanquished Creatures (collateral kills)
  Josephine (D:10)
  Joseph (D:7)
  A wraith (D:10)
  A crimson imp (D:10)
  A bullfrog skeleton (D:7)
  An iguana (D:7)
  A leopard gecko (D:7)
7 creatures vanquished.

Vanquished Creatures (others)
  An orc wizard (D:7)
  An orc (D:8)
  A kobold (D:10)
  3 fungi (D:6)
  A plant (D:11)
7 creatures vanquished.

Grand Total: 340 creatures vanquished

Notes
Turn   | Place    | Note
-------+----------+-------------------------------------------
     0 | D:1      | AlphabetPasta the Halfling Berserker began the quest for the Orb.
     0 | D:1      | Reached XP level 1. HP: 15/15 MP: 1/1
    20 | D:1      | Reached XP level 2. HP: 18/20 MP: 2/2
   345 | D:1      | Reached skill level 1 in Slings
   345 | D:1      | Reached XP level 3. HP: 25/25 MP: 3/3
   832 | D:2      | Reached ** piety under Trog
  1095 | D:2      | Reached XP level 4. HP: 27/31 MP: 4/4
  1465 | D:3      | Found a glowing silver altar of Zin.
  1532 | D:3      | Found an ornate altar of the Wu Jian Council.
  1535 | D:3      | Found a shadowy altar of Dithmenos.
  1567 | D:3      | Reached XP level 5. HP: 36/36 MP: 5/5
  1593 | D:3      | Reached skill level 4 in Long Blades
  1670 | D:3      | Reached *** piety under Trog
  2175 | D:4      | Reached XP level 6. HP: 42/42 MP: 6/6
  2208 | D:4      | Found Varioc's Magic Scroll Boutique.
  2215 | D:4      | Bought a scroll of identify for 20 gold pieces
  2215 | D:4      | Bought a scroll of identify for 20 gold pieces
  2231 | D:4      | Found a sand-covered staircase.
  2255 | Ossuary  | Entered an ossuary
  2385 | Ossuary  | Reached **** piety under Trog
  2505 | D:4      | Found Joss's Jewellery Shoppe.
  2513 | D:4      | Bought a cursed -3 ring of intelligence for 24 gold pieces
  2697 | D:4      | Found Cyon's Weapon Shop.
  2808 | D:4      | Reached XP level 7. HP: 43/47 MP: 7/7
  2870 | D:4      | Found Ytucicirch's Gadget Emporium.
  3047 | D:4      | Bought an uncursed ring of poison resistance for 240 gold pieces
  3069 | D:5      | Entered Level 5 of the Dungeon
  3099 | D:5      | Reached skill level 5 in Long Blades
  3386 | D:5      | Reached XP level 8. HP: 52/54 MP: 8/8
  3438 | D:5      | Found a bloodstained altar of Trog.
  4085 | D:6      | Reached skill level 5 in Slings
  4220 | D:6      | Reached skill level 6 in Long Blades
  4220 | D:6      | Reached skill level 5 in Armour
  4327 | D:6      | Received a gift from Trog
  4381 | D:6      | Noticed Eustachio
  4423 | D:6      | Killed Eustachio
  4423 | D:6      | Reached skill level 5 in Dodging
  4549 | D:6      | Reached XP level 9. HP: 59/59 MP: 9/9
  4633 | D:6      | Noticed a slime creature
  4649 | D:6      | Killed a slime creature
  4652 | D:6      | Reached skill level 7 in Long Blades
  4656 | D:6      | Reached skill level 5 in Fighting
  5399 | D:6      | Found a sparkling altar of Nemelex Xobeh.
  5399 | D:6      | Found an opulent altar of Gozag.
  5500 | D:7      | Noticed Dowan
  5503 | D:7      | Noticed Duvessa
  5516 | D:7      | Killed Duvessa
  5520 | D:7      | Killed Dowan
  5520 | D:7      | Received a gift from Trog
  5563 | D:7      | Noticed Prince Ribbit
  5828 | D:7      | Noticed a hippogriff
  5833 | D:7      | Killed a hippogriff
  5984 | D:7      | Found a glowing golden altar of the Shining One.
  6007 | D:7      | Reached skill level 8 in Long Blades
  6082 | D:7      | Found a staircase to the Ecumenical Temple.
  6108 | D:7      | Noticed Joseph
  6126 | D:7      | Reached XP level 10. HP: 56/67 MP: 10/10
  6135 | D:7      | Killed Joseph
  6151 | D:7      | Killed Prince Ribbit
  6530 | D:7      | Noticed Menkaure
  6541 | D:7      | Killed Menkaure
  6933 | D:7      | Found a shattered altar of Ashenzari.
  6933 | D:7      | Found a blossoming altar of Fedhas.
  7041 | D:8      | Noticed Maurice
  7062 | D:8      | Killed Maurice
  7518 | D:8      | Reached skill level 1 in Evocations
  7741 | D:8      | Found a hide-covered altar of Uskayaw.
  8086 | D:9      | Found a basalt altar of Yredelemnul.
  8254 | D:9      | Reached skill level 9 in Long Blades
  8428 | D:8      | Reached ***** piety under Trog
  8498 | D:8      | Noticed a centaur warrior
  8508 | D:8      | Noticed a skeletal warrior
  8521 | D:8      | Killed a centaur warrior
  8521 | D:8      | Reached XP level 11. HP: 25/74 MP: 11/13
  8917 | D:8      | Killed a skeletal warrior
  9221 | D:8      | Noticed a centaur warrior
  9241 | D:8      | Killed a centaur warrior
  9241 | D:8      | Reached skill level 10 in Long Blades
  9513 | D:8      | Received a gift from Trog
  9526 | D:8      | Noticed binmo's ghost (novice OgBe)
  9586 | D:4      | Bought a +3 fustibalus of flaming for 528 gold pieces
  9857 | D:10     | Entered Level 10 of the Dungeon
  9857 | D:10     | Noticed a two-headed ogre
 10121 | D:10     | Noticed a cyclops
 10360 | D:10     | Noticed Josephine
 10384 | D:9      | Noticed a two-headed ogre
 10401 | D:9      | Killed a two-headed ogre
 10686 | D:10     | Killed a cyclops
 10881 | D:10     | Killed an unseen horror
 11095 | D:10     | Killed a two-headed ogre
 11095 | D:10     | Reached XP level 12. HP: 61/81 MP: 15/15
 11123 | D:10     | Killed Josephine
 11123 | D:10     | Reached skill level 10 in Slings
 11425 | D:10     | Upgraded the game from 0.20-a0-760-g49f5558 to 0.20-a0-766-g52e1353
 11455 | D:11     | Found a blossoming altar of Fedhas.
 11579 | D:11     | Killed an unseen horror
 11579 | D:11     | Reached skill level 11 in Long Blades
 11695 | D:11     | Received a gift from Trog
 11885 | D:11     | Found a staircase to the Lair.
 11932 | D:11     | Reached skill level 5 in Evocations
 12034 | D:11     | Reached skill level 1 in Shields
 12114 | D:11     | Cast into level 3 of the Abyss (a wizard)
 12114 | Abyss:3  | Found a corrupted altar of Lugonu.
 12168 | Abyss:3  | Noticed a starcursed mass
 12193 | Abyss:3  | Killed a starcursed mass
 12199 | Abyss:3  | Noticed an ironheart preserver
 12199 | Abyss:3  | Noticed an ironheart preserver
 12204 | Abyss:3  | Found a corrupted altar of Lugonu.
 12213 | Abyss:3  | Noticed a starcursed mass
 12228 | Abyss:3  | Noticed a rakshasa
 12234 | Abyss:3  | HP: 1/123 [chaos spawn (11)]
 12236 | Abyss:3  | Mangled by a chaos spawn

Vault maps used:
D:1:      minmay_arrival_five_plusses
D:2:      corexii_leaking_fountain
D:3:      minmay_overflow_temple_star_quad, grunt_decor_mini_mirrors
D:4:      enter_ossuary_1, serial_shops, nicolae_shop_trees, shop,
          nicolae_shop_behind_doors, nicolae_shop_window_shopping,
          grunt_ministairs_2
D:5:      overflow_temple_1_default, first_bread
D:6:      lemuel_slime, grunt_temple_overflow_opulence, uniq_eustachio
D:7:      amethyst_overflow_temple_binary, minmay_temple_entry_statues_pillars,
          the_bakery, nicolae_tso_besieged_by_evil, uniq_joseph,
          uniq_prince_ribbit1, uniq_menkaure, uniq_duvessa
D:8:      minmay_klotski, lemuel_doored_altar, st_stairs_9, uniq_maurice
D:9:      grunt_temple_overflow_holy_war
D:10:     hangedman_cross_stitches, kennysheep_generic_room_15, uniq_josephine
D:11:     cheibrodos_lost_city_excavation, david_lair_shrubbed, basic_altar
Abyss:3:  nicolae_abyss_rune_star_stuff
Ossuary:  ossuary_minmay_chase

Skill      XL: |  1  2  3  4  5  6  7  8  9 10 11 12 |
---------------+-------------------------------------+-----
Slings         | 1 2 3 4 5 7 8 9 10 | 10.8
Fighting       | 3 4 5 6 7 |  7.9
Long Blades    | 4 5 6 8 9 10 11 | 11.3
Armour         | 3 4 5 6 7 8 |  8.8
Dodging        | 3 4 5 6 7 8 |  8.9
Evocations     | 2 4 5 |  5.2
Shields        | 2 |  2.1

Action                   |  1- 3 |  4- 6 |  7- 9 | 10-12 || total
-------------------------+-------+-------+-------+-------++-------
Melee: Falchion          |    86 |   213 |   339 |    18 ||   656
       Long sword        |       |       |    33 |   346 ||   379
       Scimitar          |       |       |       |   206 ||   206
 Fire: Hunting sling     |       |    20 |    71 |    47 ||   138
       Fustibalus        |       |       |       |   107 ||   107
Throw: Tomahawk          |       |       |       |     5 ||     5
Invok: Berserk           |     2 |     3 |     5 |    11 ||    21
       Trog's Hand       |       |       |     1 |     2 ||     3
       Brothers in Arms  |       |       |       |     2 ||     2
Evoke: Wand              |       |       |       |     5 ||     5
  Use: Scroll            |    12 |     8 |     6 |    10 ||    36
       Potion            |       |     2 |     3 |     4 ||     9
 Stab: Sleeping          |     1 |       |       |       ||     1
       Invisible         |       |       |       |     2 ||     2
       Confused          |       |       |       |     5 ||     5
  Eat: Chunk             |     3 |     8 |    15 |    23 ||    49
       Royal jelly       |       |       |     1 |     2 ||     3
       Fruit             |       |       |       |     2 ||     2
       Meat ration       |       |       |       |     1 ||     1
Armor: Animal skin       |     4 |       |       |       ||     4
       Leather armour    |    16 |       |       |       ||    16
       Ring mail         |     1 |    21 |       |       ||    22
       Scale mail        |       |    66 |   146 |    26 ||   238
       Plate armour      |       |       |       |    16 ||    16
       Chain mail        |       |       |       |   235 ||   235
Dodge: Dodged            |    63 |   138 |   260 |   439 ||   900
       Rpst.: Falchion   |    18 |    41 |    67 |     2 ||   128
       Long sword        |       |       |     6 |    62 ||    68
       Scimitar          |       |       |       |    30 ||    30
